IL
COLUMBUS CLIPPERS @ DURHAM BULLS
05/13/2099
 
TOP OF THE 1ST
Columbus Clippers batting - Pitching for Durham Bulls : RHP Bobby Schuette
Pitching: RHP Bobby Schuette
Batting: RHB Bill Foulon 0-0: Ball
1-0: Foul Ball, location: 5FF
1-1: Ball
2-1: Foul Ball, location: 25F
2-2: Strikes out swinging
Batting: RHB Alex Avelar 0-0: Ball
1-0: Swinging Strike
1-1: Swinging Strike
1-2: Strikes out swinging
Batting: LHB Donny Liebler 0-0: SINGLE (Flyball, 4MD, EV 93.1 MPH)
Batting: RHB Brian Ruble 0-0: Foul Ball, location: 3SF
0-1: Ball
1-1: Fly out, F8 (Flyball, 8RD, EV 97.5 MPH)
Top of the 1st over - 0 runs, 1 hit, 0 errors, 1 left on base; Columbus 0 - Durham 0
BOTTOM OF THE 1ST
Durham Bulls batting - Pitching for Columbus Clippers : RHP Travis Baca
Pitching: RHP Travis Baca
Batting: RHB Chris Castaneda 0-0: Called Strike
0-1: Ball
1-1: Foul Ball, location: 2F
1-2: Strikes out swinging
Batting: RHB Luis Rubio 0-0: Ball
1-0: Ball
2-0: Foul Ball, location: 9LDF
2-1: Called Strike
2-2: Foul Ball, location: 5DF
2-2: Ball
3-2: Strikes out swinging
Batting: RHB Matt Collier 0-0: Ball
1-0: Ball
2-0: Ball
3-0: Called Strike
3-1: Base on Balls
Batting: RHB Edgar Rivas 0-0: Ball
1-0: Ball
Matt Collier is caught stealing 2nd base 2-4
Bottom of the 1st over - 0 runs, 0 hits, 0 errors, 0 left on base; Columbus 0 - Durham 0
TOP OF THE 2ND
Columbus Clippers batting - Pitching for Durham Bulls : RHP Bobby Schuette
Batting: RHB Jeremy Brant 0-0: Ball
1-0: Ball
2-0: Ball
3-0: Base on Balls
Batting: RHB Bill Meller 0-0: Called Strike
0-1: Ball
1-1: SINGLE (Line Drive, 3D, EV 99.4 MPH)
Jeremy Brant to second
Runner from 2nd tries for 3rd, SAFE, throw by RF made to third
Batting: LHB Zachary Moody 0-0: Called Strike
0-1: Ball
1-1: Foul Ball, location: 7LSF
1-2: SINGLE (Flyball, 4MD, EV 95.6 MPH)
Jeremy Brant scores
Bill Meller to second
Batting: RHB Chris Hubert 0-0: Ball
1-0: Foul Ball, location: 2F
1-1: Foul Ball, location: 2LF
1-2: Strikes out swinging
Batting: RHB Jody Gibson 0-0: Ball
1-0: Swinging Strike
1-1: Ball
2-1: Grounds into double play, 4-6-3 (Groundball, 4, EV 104.4 MPH)
Top of the 2nd over - 1 run, 2 hits, 0 errors, 1 left on base; Columbus 1 - Durham 0
BOTTOM OF THE 2ND
Durham Bulls batting - Pitching for Columbus Clippers : RHP Travis Baca
Batting: RHB Edgar Rivas 0-0: Swinging Strike
0-1: Called Strike
0-2: Strikes out looking
Batting: LHB Alex Flores 0-0: Ball
1-0: Called Strike
1-1: Ball
2-1: Ball
3-1: Base on Balls
Batting: LHB Adam Jensen 0-0: SINGLE (Groundball, 34D, EV 100.0 MPH)
Alex Flores to second
Runner from 2nd tries for 3rd, SAFE, throw by RF made to third
Batting: RHB Daniel Rodriguez 0-0: Foul Ball, location: 2F
0-1: Foul Ball, location: 2F
0-2: Ball
1-2: Ball
2-2: Foul Ball, location: 3FF
2-2: Foul Ball, location: 2F
2-2: Foul Ball, location: 9LDF
2-2: Fielders Choice at 2nd, 6-4 (Groundball, 6, EV 80.0 MPH)
Alex Flores scores
Batting: RHB Edgar Guerrero 0-0: Ball
1-0: Ball
2-0: Called Strike
2-1: Fielders Choice at 2nd, 6-4 (Groundball, 6, EV 103.8 MPH)
Bottom of the 2nd over - 1 run, 1 hit, 0 errors, 1 left on base; Columbus 1 - Durham 1
TOP OF THE 3RD
Columbus Clippers batting - Pitching for Durham Bulls : RHP Bobby Schuette
Batting: RHB Bill Foulon 0-0: SINGLE (Line Drive, 56D, EV 96.9 MPH)
Batting: RHB Alex Avelar 0-0: Ball
1-0: Ball
2-0: Ball
3-0: Foul Ball, location: 23F
3-1: SINGLE (Groundball, 56S, EV 68.8 MPH) (infield hit)
Bill Foulon to second
Batting: LHB Donny Liebler 0-0: Ball
Bill Foulon steals 3rd base
1-0: Called Strike
1-1: Ball
2-1: Ball
3-1: Base on Balls
Alex Avelar to second
Batting: RHB Brian Ruble 0-0: Ball
1-0: Ball
2-0: Called Strike
2-1: Foul Ball, location: 25FF
2-2: Strikes out looking
Batting: RHB Jeremy Brant 0-0: Ball
1-0: Swinging Strike
1-1: Foul Ball, location: 7LMF
1-2: Strikes out looking
Batting: RHB Bill Meller 0-0: Ball
1-0: Foul Ball, location: 9LMF
1-1: Fly out, F6 (Popup, 6MD, EV 55.0 MPH)
Top of the 3rd over - 0 runs, 2 hits, 0 errors, 3 left on base; Columbus 1 - Durham 1
BOTTOM OF THE 3RD
Durham Bulls batting - Pitching for Columbus Clippers : RHP Travis Baca
Batting: RHB Jorge Amaya 0-0: Ball
1-0: Called Strike
1-1: Foul Ball, location: 9LSF
1-2: Foul Ball, location: 9LMF
1-2: Ball
2-2: Ball
3-2: Strikes out swinging
Batting: RHB Chris Castaneda 0-0: Called Strike
0-1: Ball
1-1: Swinging Strike
1-2: SINGLE (Groundball, 34D, EV 103.1 MPH)
Batting: RHB Luis Rubio 0-0: Swinging Strike
0-1: Foul Ball, location: 2F
0-2: Ball
1-2: Strikes out swinging
Batting: RHB Matt Collier 0-0: Ball
1-0: Called Strike
1-1: Called Strike
1-2: Strikes out swinging
Bottom of the 3rd over - 0 runs, 1 hit, 0 errors, 1 left on base; Columbus 1 - Durham 1
TOP OF THE 4TH
Columbus Clippers batting - Pitching for Durham Bulls : RHP Bobby Schuette
Batting: LHB Zachary Moody 0-0: Ball
1-0: Swinging Strike
1-1: Ball
2-1: Ball
3-1: Foul Ball, location: 23FF
3-2: Strikes out looking
Batting: RHB Chris Hubert 0-0: Called Strike
0-1: Foul Ball, location: 3F
0-2: Strikes out swinging
Batting: RHB Jody Gibson 0-0: Foul Ball, location: 9LDF
0-1: Ground out 5-3 (Groundball, 56S, EV 84.4 MPH)
Top of the 4th over - 0 runs, 0 hits, 0 errors, 0 left on base; Columbus 1 - Durham 1
BOTTOM OF THE 4TH
Durham Bulls batting - Pitching for Columbus Clippers : RHP Travis Baca
Batting: RHB Edgar Rivas 0-0: Swinging Strike
0-1: Fly out, F9 (Flyball, 9, EV 86.3 MPH)
Batting: LHB Alex Flores 0-0: Ball
1-0: Ground out 4-3 (Groundball, 4, EV 88.1 MPH)
Batting: LHB Adam Jensen 0-0: Ball
1-0: Ground out 6-3 (Groundball, 6, EV 89.4 MPH)
Bottom of the 4th over - 0 runs, 0 hits, 0 errors, 0 left on base; Columbus 1 - Durham 1
TOP OF THE 5TH
Columbus Clippers batting - Pitching for Durham Bulls : RHP Bobby Schuette
Batting: RHB Bill Foulon 0-0: Called Strike
0-1: Ball
1-1: Ball
2-1: Ground out 5-3 (Groundball, 56, EV 85.0 MPH)
Batting: RHB Alex Avelar 0-0: Swinging Strike
0-1: Foul Ball, location: 7LMF
0-2: Ground out 6-3 (Groundball, 6, EV 90.0 MPH)
Batting: LHB Donny Liebler 0-0: Ball
1-0: Called Strike
1-1: Ball
2-1: Foul Ball, location: 2F
2-2: Ball
3-2: Fly out, F8 (Line Drive, 8RM, EV 90.0 MPH)
Top of the 5th over - 0 runs, 0 hits, 0 errors, 0 left on base; Columbus 1 - Durham 1
BOTTOM OF THE 5TH
Durham Bulls batting - Pitching for Columbus Clippers : RHP Travis Baca
Batting: RHB Daniel Rodriguez 0-0: Called Strike
0-1: Ball
1-1: Ball
2-1: Foul Ball, location: 5SF
2-2: Fly out, F9 (Line Drive, 9D, EV 95.0 MPH)
Batting: RHB Edgar Guerrero 0-0: Ball
1-0: Called Strike
1-1: Ground out 6-3 (Groundball, 56, EV 103.1 MPH)
Batting: RHB Jorge Amaya 0-0: Called Strike
0-1: Called Strike
0-2: Ball
1-2: Ball
2-2: Foul Ball, location: 9LMF
2-2: Ball
3-2: DOUBLE (Line Drive, 9LM, EV 105.0 MPH)
Batting: RHB Chris Castaneda 0-0: Ball
1-0: Fly out, F7 (Flyball, 7LSF, EV 89.4 MPH)
Bottom of the 5th over - 0 runs, 1 hit, 0 errors, 1 left on base; Columbus 1 - Durham 1
TOP OF THE 6TH
Columbus Clippers batting - Pitching for Durham Bulls : RHP Bobby Schuette
Batting: RHB Brian Ruble 0-0: Called Strike
0-1: Swinging Strike
0-2: Strikes out swinging
Batting: RHB Jeremy Brant 0-0: Ball
1-0: Ball
2-0: Foul Ball, location: 2F
2-1: Foul Ball, location: 2F
2-2: Foul Ball, location: 2F
2-2: Ball
3-2: SINGLE (Line Drive, 78M, EV 92.5 MPH)
Batting: RHB Bill Meller 0-0: Ball
1-0: Ball
2-0: Grounds into double play, 6-4-3 (Groundball, 6, EV 85.0 MPH)
Top of the 6th over - 0 runs, 1 hit, 0 errors, 0 left on base; Columbus 1 - Durham 1
BOTTOM OF THE 6TH
Durham Bulls batting - Pitching for Columbus Clippers : RHP Travis Baca
Batting: RHB Luis Rubio 0-0: Ball
1-0: Ball
2-0: Called Strike
2-1: Foul Ball, location: 25F
2-2: SINGLE (Line Drive, 7S, EV 91.3 MPH)
Batting: RHB Matt Collier 0-0: Called Strike
0-1: Swinging Strike
0-2: Fly out, F7 (Flyball, 7D, EV 95.6 MPH)
Batting: RHB Edgar Rivas 0-0: Grounds into double play, 6-4-3 (Groundball, 6, EV 77.5 MPH)
Bottom of the 6th over - 0 runs, 1 hit, 0 errors, 0 left on base; Columbus 1 - Durham 1
TOP OF THE 7TH
Columbus Clippers batting - Pitching for Durham Bulls : RHP Bobby Schuette
Batting: LHB Zachary Moody 0-0: Ball
1-0: Swinging Strike
1-1: Ball
2-1: Foul Ball, location: 5FF
2-2: Strikes out swinging
Batting: RHB Chris Hubert 0-0: Foul Ball, location: 2F
0-1: Ball
1-1: Foul Ball, location: 25FF
1-2: Fly out, F7 (Line Drive, 78M, EV 95.0 MPH)
Batting: RHB Jody Gibson 0-0: Ball
1-0: Fly out, F9 (Flyball, 89M, EV 75.6 MPH)
Top of the 7th over - 0 runs, 0 hits, 0 errors, 0 left on base; Columbus 1 - Durham 1
BOTTOM OF THE 7TH
Durham Bulls batting - Pitching for Columbus Clippers : RHP Travis Baca
Batting: LHB Alex Flores 0-0: Ground out 4-3 (Groundball, 34D, EV 105.6 MPH)
Batting: LHB Adam Jensen 0-0: Ground out U3 (Groundball, 34, EV 105.6 MPH)
Batting: RHB Daniel Rodriguez 0-0: Called Strike
0-1: Ball
1-1: Ball
2-1: Ball
3-1: Foul Ball, location: 3SF
3-2: Foul Ball, location: 2F
3-2: SINGLE (Groundball, P, EV 96.3 MPH) (infield hit)
Batting: RHB Edgar Guerrero 0-0: Fielders Choice at 2nd, 6-4 (Groundball, 6, EV 85.6 MPH)
Bottom of the 7th over - 0 runs, 1 hit, 0 errors, 1 left on base; Columbus 1 - Durham 1
TOP OF THE 8TH
Columbus Clippers batting - Pitching for Durham Bulls : RHP Bobby Schuette
Pitching: RHP Paul Joyce
Batting: RHB Bill Foulon 0-0: Ground out 6-3 (Groundball, 6, EV 83.1 MPH)
Pinch Hitting: LHB Victor Zavala 0-0: Foul Ball, location: 9LDF
0-1: Ground out 1-3 (Groundball, P, EV 72.5 MPH)
Batting: LHB Donny Liebler 0-0: Ball
1-0: Ball
2-0: Ball
3-0: Called Strike
3-1: Base on Balls
Batting: RHB Brian Ruble 0-0: Foul Ball, location: 2F
0-1: Ball
1-1: Foul Ball, location: 25FF
1-2: Foul Ball, location: 9LSF
1-2: Fielders Choice at 2nd, 6-4 (Groundball, 6, EV 106.9 MPH)
Top of the 8th over - 0 runs, 0 hits, 0 errors, 1 left on base; Columbus 1 - Durham 1
BOTTOM OF THE 8TH
Durham Bulls batting - Pitching for Columbus Clippers : RHP Travis Baca
Now in CF: Matt Wescoat
Batting: RHB Jorge Amaya 0-0: Called Strike
0-1: Swinging Strike
0-2: Strikes out looking
Batting: RHB Chris Castaneda 0-0: Called Strike
0-1: Called Strike
0-2: Foul Ball, location: 9LMF
0-2: Ground out 4-3 (Groundball, 4, EV 81.9 MPH)
Batting: RHB Luis Rubio 0-0: Ball
1-0: Called Strike
1-1: Foul Ball, location: 2F
1-2: Ball
2-2: Fly out, F8 (Line Drive, 8LD, EV 98.1 MPH)
Bottom of the 8th over - 0 runs, 0 hits, 0 errors, 0 left on base; Columbus 1 - Durham 1
TOP OF THE 9TH
Columbus Clippers batting - Pitching for Durham Bulls : RHP Paul Joyce
Batting: RHB Jeremy Brant 0-0: Called Strike
0-1: Ball
1-1: Swinging Strike
1-2: Ball
2-2: Fly out, F7 (Flyball, 7, EV 90.6 MPH)
Batting: RHB Bill Meller 0-0: Called Strike
0-1: Ball
1-1: Foul Ball, location: 25FF
1-2: Ball
2-2: Ball
3-2: Strikes out swinging
Batting: LHB Zachary Moody 0-0: Called Strike
0-1: Ball
1-1: Fly out, F4 (Popup, 4M, EV 68.8 MPH)
Top of the 9th over - 0 runs, 0 hits, 0 errors, 0 left on base; Columbus 1 - Durham 1
BOTTOM OF THE 9TH
Durham Bulls batting - Pitching for Columbus Clippers : RHP Travis Baca
Pinch Hitting: LHB Xavier Longoria 0-0: Called Strike
0-1: Called Strike
0-2: Ball
1-2: Foul Ball, location: 2F
1-2: Ball
2-2: Ball
3-2: Strikes out swinging
Batting: LHB Jose Meza 0-0: Ball
1-0: Ball
2-0: Called Strike
2-1: Ball
3-1: Ground out 6-3 (Groundball, 6, EV 103.8 MPH)
Batting: LHB Alex Flores 0-0: DOUBLE (Flyball, 89XD, EV 103.1 MPH)
Batting: LHB Adam Jensen 0-0: SINGLE (Groundball, 34D, EV 98.1 MPH)
Alex Flores to third
Runner from 3rd tries for Home, SAFE, throw by RF to home
Bottom of the 9th over - 1 run, 2 hits, 0 errors, 1 left on base; Columbus 1 - Durham 2
Monday, May 6th , 2024 - OOTP Baseball 24.11 Build 85